PBL
SEATTLE MARINERS @ HOUSTON ASTROS
05/03/2071
 
TOP OF THE 1ST
Seattle Mariners batting - Pitching for Houston Astros : LHP Felipe Ruíz
Pitching: LHP Felipe Ruíz
Batting: LHB Rob Altobelli 0-0: Fly out, F6 (Popup, 15, EV 75.6 MPH)
Batting: RHB Ralph Irwin 0-0: Called Strike
0-1: SINGLE (Line Drive, 34D, EV 101.9 MPH)
Batting: SHB Nathan Martin 0-0: Ball
1-0: Ball
2-0: Called Strike
2-1: Ball
3-1: Foul Ball, location: 23FF
3-2: Foul Ball, location: 23F
3-2: Strikes out swinging
Batting: LHB Grady Arredondo 0-0: Swinging Strike
0-1: Ball
1-1: Ball
2-1: Ball
3-1: DOUBLE (Line Drive, 9LS, EV 99.4 MPH)
Ralph Irwin to third
Runner from 3rd tries for Home, SAFE, no throw by RF
Batting: SHB Pete Williams 0-0: Swinging Strike
0-1: Ground out 6-3 (Groundball, 6, EV 87.5 MPH)
Top of the 1st over - 1 run, 2 hits, 0 errors, 1 left on base; Seattle 1 - Houston 0
BOTTOM OF THE 1ST
Houston Astros batting - Pitching for Seattle Mariners : RHP Jeffrey Montgomery
Pitching: RHP Jeffrey Montgomery
Batting: RHB Sukenobu Taneda 0-0: Foul Ball, location: 3SF
0-1: Called Strike
0-2: Ball
1-2: Ground out 5-3 (Groundball, 56, EV 86.3 MPH)
Batting: LHB Emiel Vonhof 0-0: Swinging Strike
0-1: Foul Ball, location: 9LDF
0-2: Ball
1-2: Foul Ball, location: 3F
1-2: Ball
2-2: Foul Ball, location: 2F
2-2: Ball
3-2: DOUBLE (Flyball, 8RXD, EV 83.8 MPH)
Batting: RHB Jin Daikawa 0-0: Called Strike
0-1: Ball
1-1: Ball
2-1: Foul Ball, location: 2F
2-2: Strikes out looking
Batting: LHB Trevor Burt 0-0: Swinging Strike
0-1: Ball
1-1: Ball
2-1: Foul Ball, location: 2F
2-2: Fly out, F9 (Flyball, 9, EV 85.0 MPH)
Bottom of the 1st over - 0 runs, 1 hit, 0 errors, 1 left on base; Seattle 1 - Houston 0
TOP OF THE 2ND
Seattle Mariners batting - Pitching for Houston Astros : LHP Felipe Ruíz
Pitching: RHP Santiago Vásquez
Batting: RHB Ronald McDonald 0-0: Ball
1-0: Called Strike
1-1: Called Strike
1-2: Foul Ball, location: 2F
1-2: SINGLE (Line Drive, 9S, EV 109.4 MPH)
Batting: LHB Mike Heethe 0-0: Ball
1-0: Ball
2-0: Bunt missed!
2-1: Sac Bunt to 15S - play at first, batter OUT! 1-3
Ronald McDonald to second
Batting: RHB Mark Taylor 0-0: Called Strike
0-1: SINGLE (Line Drive, 4MD, EV 95.0 MPH)
Ronald McDonald to third
Runner from 3rd tries for Home, SAFE, throw by CF to home
Now in CF: Roberto Beltrán
Batting: RHB Raúl Contreras 0-0: Ball
1-0: Ball
2-0: Fly out, F8 (Flyball, 8RM, EV 73.8 MPH)
Batting: LHB Rob Altobelli 0-0: Foul Ball, location: 7LSF
0-1: SINGLE (Line Drive, 34D, EV 98.8 MPH)
Mark Taylor to second
Batting: RHB Ralph Irwin 0-0: Called Strike
0-1: Ball
1-1: Foul Ball, location: 2F
1-2: Fielders Choice at 2nd, 6-4 (Groundball, 6, EV 103.1 MPH)
Top of the 2nd over - 1 run, 3 hits, 0 errors, 2 left on base; Seattle 2 - Houston 0
BOTTOM OF THE 2ND
Houston Astros batting - Pitching for Seattle Mariners : RHP Jeffrey Montgomery
Batting: LHB Cal Dascenzo 0-0: Called Strike
0-1: Foul Ball, location: 7LSF
0-2: Foul Ball, location: 2RF
0-2: Fly out, F9 (Flyball, 9S, EV 94.4 MPH)
Batting: RHB Mike Hall 0-0: Ball
1-0: Foul Ball, location: 9LSF
1-1: Fly out, F7 (Flyball, 7D, EV 98.8 MPH)
Batting: RHB Arturo Becerra 0-0: Ball
1-0: Foul Ball, location: 5F
1-1: Ball
2-1: Called Strike
2-2: Foul Ball, location: 9LMFF
2-2: Fly out, F9 (Flyball, 89M, EV 92.5 MPH)
Bottom of the 2nd over - 0 runs, 0 hits, 0 errors, 0 left on base; Seattle 2 - Houston 0
TOP OF THE 3RD
Seattle Mariners batting - Pitching for Houston Astros : RHP Santiago Vásquez
Batting: SHB Nathan Martin 0-0: Ball
1-0: Ball
2-0: Called Strike
2-1: Ball
3-1: Foul Ball, location: 25F
3-2: Foul Ball, location: 2F
3-2: Base on Balls
Batting: LHB Grady Arredondo 0-0: Ball
1-0: Ball
2-0: Called Strike
2-1: Ball
3-1: Base on Balls
Nathan Martin to second
Batting: SHB Pete Williams 0-0: Called Strike
0-1: Swinging Strike
0-2: Ball
1-2: Foul Ball, location: 9LMFF
1-2: Strikes out looking
Batting: RHB Ronald McDonald 0-0: Called Strike
0-1: Called Strike
0-2: Foul Ball, location: 25F
0-2: Strikes out swinging
Batting: LHB Mike Heethe 0-0: Ball
1-0: Called Strike
1-1: SINGLE (Groundball, 6MD, EV 95.0 MPH)
Nathan Martin to third
Grady Arredondo to second
Runner from 3rd tries for Home, SAFE, throw by CF to home
Batting: RHB Mark Taylor 0-0: Called Strike
0-1: Called Strike
0-2: Strikes out swinging
Top of the 3rd over - 1 run, 1 hit, 0 errors, 2 left on base; Seattle 3 - Houston 0
BOTTOM OF THE 3RD
Houston Astros batting - Pitching for Seattle Mariners : RHP Jeffrey Montgomery
Batting: RHB Roberto Beltrán 0-0: Ball
1-0: Called Strike
1-1: Swinging Strike
1-2: SINGLE (Groundball, 34D, EV 105.6 MPH)
Batting: LHB Carlos Garza 0-0: Ball
1-0: Ball
2-0: Called Strike
2-1: Fly out, F7 (Line Drive, 7S, EV 100.0 MPH)
Batting: RHB Sukenobu Taneda 0-0: Ball
1-0: Called Strike
Roberto Beltrán steals 2nd base (no throw)
1-1: Ball
2-1: Foul Ball, location: 23F
2-2: Foul Ball, location: 2F
2-2: Foul Ball, location: 2F
2-2: Ball
3-2: Foul Ball, location: 2RF
3-2: Ground out 5-3 (Groundball, 56S, EV 76.3 MPH)
Roberto Beltrán to third
Batting: LHB Emiel Vonhof 0-0: Ball
1-0: Foul Ball, location: 3DF
1-1: Ball
2-1: Ball
3-1: Base on Balls
Batting: RHB Jin Daikawa 0-0: Ball
1-0: Ball
2-0: Ball
3-0: Called Strike
3-1: Base on Balls
Emiel Vonhof to second
Batting: LHB Trevor Burt 0-0: Ball
1-0: Foul Ball, location: 3F
1-1: Fly out, F4 (Popup, 3D, EV 66.9 MPH)
Bottom of the 3rd over - 0 runs, 1 hit, 0 errors, 3 left on base; Seattle 3 - Houston 0
TOP OF THE 4TH
Seattle Mariners batting - Pitching for Houston Astros : RHP Santiago Vásquez
Batting: RHB Raúl Contreras 0-0: Called Strike
0-1: Ball
1-1: Ball
2-1: Ball
3-1: Foul Ball, location: 23F
3-2: Base on Balls
Batting: LHB Rob Altobelli 0-0: Ball
1-0: DOUBLE (Line Drive, 9LS, EV 92.5 MPH)
Raúl Contreras to third
Batting: RHB Ralph Irwin 0-0: Hit by Pitch
Batting: SHB Nathan Martin 0-0: Ball
1-0: Fly out, F9 (Flyball, 89S, EV 96.3 MPH)
Batting: LHB Grady Arredondo 0-0: Foul Ball, location: 2RF
0-1: Ball
1-1: Called Strike
1-2: Foul Ball, location: 7LSFF
1-2: Ball
2-2: Foul Ball, location: 7LSF
2-2: Ball
3-2: Fly out, F9 (Flyball, 9, EV 92.5 MPH)
Throwing error, E9
Raúl Contreras scores
Rob Altobelli to third
Ralph Irwin to second
Batting: SHB Pete Williams 0-0: Called Strike
0-1: Swinging Strike
0-2: Foul Ball, location: 7LMFF
0-2: Ball
1-2: Ball
2-2: Foul Ball, location: 5F
2-2: Foul Ball, location: 7LDF
2-2: Ground out 5-3 (Groundball, 56, EV 103.1 MPH)
Top of the 4th over - 1 run, 1 hit, 1 error, 2 left on base; Seattle 4 - Houston 0
BOTTOM OF THE 4TH
Houston Astros batting - Pitching for Seattle Mariners : RHP Jeffrey Montgomery
Batting: LHB Cal Dascenzo 0-0: Ball
1-0: Foul Ball, location: 2F
1-1: Ball
2-1: Swinging Strike
2-2: Ball
3-2: Base on Balls
Batting: RHB Mike Hall 0-0: Called Strike
0-1: Fly out, F8 (Flyball, 8RXD, EV 105.0 MPH)
Batting: RHB Arturo Becerra 0-0: Ball
1-0: Grounds into double play, 4-6-3 (Groundball, 4S, EV 80.6 MPH)
Bottom of the 4th over - 0 runs, 0 hits, 0 errors, 0 left on base; Seattle 4 - Houston 0
TOP OF THE 5TH
Seattle Mariners batting - Pitching for Houston Astros : RHP Santiago Vásquez
Batting: RHB Ronald McDonald 0-0: Called Strike
0-1: Called Strike
0-2: Foul Ball, location: 2F
0-2: Ball
1-2: Strikes out looking
Batting: LHB Mike Heethe 0-0: Foul Ball, location: 2F
0-1: Ground out 3-1 (Groundball, 34, EV 82.5 MPH)
Batting: RHB Mark Taylor 0-0: Ground out 5-3 (Groundball, 56S, EV 85.0 MPH)
Top of the 5th over - 0 runs, 0 hits, 0 errors, 0 left on base; Seattle 4 - Houston 0
BOTTOM OF THE 5TH
Houston Astros batting - Pitching for Seattle Mariners : RHP Jeffrey Montgomery
Batting: RHB Roberto Beltrán 0-0: Fly out, F8 (Flyball, 8LM, EV 86.3 MPH)
Batting: LHB Carlos Garza 0-0: Called Strike
0-1: Called Strike
0-2: Ball
1-2: SINGLE (Flyball, 6D, EV 98.8 MPH)
Batting: RHB Sukenobu Taneda 0-0: Foul Ball, location: 9LMF
0-1: Ball
1-1: Ball
2-1: Fielders Choice at 2nd, 3-6 (Groundball, 34, EV 83.8 MPH)
Batting: LHB Emiel Vonhof 0-0: Ball
1-0: Swinging Strike
1-1: Called Strike
1-2: Foul Ball, location: 2F
1-2: Fielders Choice at 2nd, 5-4 (Groundball, 5, EV 81.9 MPH)
Bottom of the 5th over - 0 runs, 1 hit, 0 errors, 1 left on base; Seattle 4 - Houston 0
TOP OF THE 6TH
Seattle Mariners batting - Pitching for Houston Astros : RHP Santiago Vásquez
Batting: RHB Raúl Contreras 0-0: Called Strike
0-1: Swinging Strike
0-2: Ball
1-2: Foul Ball, location: 9LDF
1-2: Strikes out swinging
Batting: LHB Rob Altobelli 0-0: Called Strike
0-1: Ground out 4-3 (Groundball, 4, EV 79.4 MPH)
Batting: RHB Ralph Irwin 0-0: Ball
1-0: Foul Ball, location: 5FF
1-1: Foul Ball, location: 7LMF
1-2: Ball
2-2: Ball
3-2: Strikes out swinging
Top of the 6th over - 0 runs, 0 hits, 0 errors, 0 left on base; Seattle 4 - Houston 0
BOTTOM OF THE 6TH
Houston Astros batting - Pitching for Seattle Mariners : RHP Jeffrey Montgomery
Batting: RHB Jin Daikawa 0-0: Called Strike
0-1: Ball
1-1: DOUBLE (Line Drive, 7LS, EV 93.1 MPH)
Pitching: RHP Woody Gwynn j
Batting: LHB Trevor Burt 0-0: Called Strike
0-1: Ball
1-1: Foul Ball, location: 2F
1-2: Ball
2-2: Ground out 1-3 (Groundball, 15S, EV 64.4 MPH)
Batting: LHB Cal Dascenzo 0-0: Called Strike
0-1: Swinging Strike
0-2: Strikes out swinging
Batting: RHB Mike Hall 0-0: Called Strike
0-1: Fly out, F9 (Flyball, 89XD, EV 95.6 MPH)
Bottom of the 6th over - 0 runs, 1 hit, 0 errors, 1 left on base; Seattle 4 - Houston 0
TOP OF THE 7TH
Seattle Mariners batting - Pitching for Houston Astros : RHP Santiago Vásquez
Batting: SHB Nathan Martin 0-0: Called Strike
0-1: Ball
1-1: Foul Ball, location: 2F
1-2: Ball
2-2: Foul Ball, location: 7LMF
2-2: Foul Ball, location: 25F
2-2: Foul Ball, location: 5FF
2-2: Ball
3-2: Foul Ball, location: 7LDF
3-2: Base on Balls
Batting: LHB Grady Arredondo 0-0: Ball
1-0: SINGLE (Groundball, 6MS, EV 70.6 MPH) (infield hit)
Nathan Martin to second
Batting: SHB Pete Williams 0-0: Fly out, F9 (Flyball, 9D, EV 83.1 MPH)
Runner from 2nd tags up, SAFE at 3rd, no throw by RF
Batting: RHB Ronald McDonald 0-0: Fly out, F8 (Flyball, 8RM, EV 91.9 MPH)
Runner from 3rd tags up, SCORES, no throw by CF
Batting: LHB Mike Heethe 0-0: Ball
1-0: Foul Ball, location: 3FF
1-1: Ball
2-1: Ball
3-1: Base on Balls
Grady Arredondo to second
Batting: RHB Mark Taylor 0-0: Ball
1-0: Fly out, F9 (Flyball, 9, EV 90.0 MPH)
Top of the 7th over - 1 run, 1 hit, 0 errors, 2 left on base; Seattle 5 - Houston 0
BOTTOM OF THE 7TH
Houston Astros batting - Pitching for Seattle Mariners : RHP Woody Gwynn j
Batting: RHB Arturo Becerra 0-0: Ball
1-0: Foul Ball, location: 2F
1-1: Swinging Strike
1-2: Foul Ball, location: 2F
1-2: Ball
2-2: Strikes out swinging
Batting: RHB Roberto Beltrán 0-0: Fly out, F6 (Line Drive, 6, EV 66.9 MPH)
Batting: LHB Carlos Garza 0-0: Called Strike
0-1: Ball
1-1: Foul Ball, location: 3F
1-2: Ball
2-2: Ground out 3-1 (Groundball, 34, EV 87.5 MPH)
Bottom of the 7th over - 0 runs, 0 hits, 0 errors, 0 left on base; Seattle 5 - Houston 0
TOP OF THE 8TH
Seattle Mariners batting - Pitching for Houston Astros : RHP Santiago Vásquez
Pitching: LHP Pete Samson
Batting: RHB Raúl Contreras 0-0: Called Strike
0-1: Ball
1-1: Ball
2-1: DOUBLE (Groundball, 5L, EV 94.4 MPH)
Batting: LHB Rob Altobelli 0-0: Foul Ball, location: 2F
0-1: Called Strike
0-2: Foul Ball, location: 5F
0-2: Fly out, F6 (Line Drive, 6D, EV 63.8 MPH)
Lined into DP, 6-4 (Line Drive, 6D, EV 63.8 MPH)
Batting: RHB Ralph Irwin 0-0: Swinging Strike
0-1: SINGLE (Line Drive, 7S, EV 87.5 MPH)
Batting: SHB Nathan Martin 0-0: Swinging Strike
0-1: Called Strike
0-2: Ball
1-2: Strikes out looking
Top of the 8th over - 0 runs, 2 hits, 0 errors, 1 left on base; Seattle 5 - Houston 0
BOTTOM OF THE 8TH
Houston Astros batting - Pitching for Seattle Mariners : RHP Woody Gwynn j
Batting: RHB Sukenobu Taneda 0-0: Ball
1-0: Ground out 6-3 (Groundball, 6, EV 106.3 MPH)
Batting: LHB Emiel Vonhof 0-0: Ball
1-0: Ball
2-0: Foul Ball, location: 5DF
2-1: Ball
3-1: Base on Balls
Batting: RHB Jin Daikawa 0-0: Swinging Strike
0-1: Ball
1-1: Fly out, F9 (Flyball, 89S, EV 91.9 MPH)
Batting: LHB Trevor Burt 0-0: Ball
1-0: Ball
2-0: Ball
3-0: Called Strike
3-1: Fly out, F7 (Flyball, 7, EV 73.8 MPH)
Bottom of the 8th over - 0 runs, 0 hits, 0 errors, 1 left on base; Seattle 5 - Houston 0
TOP OF THE 9TH
Seattle Mariners batting - Pitching for Houston Astros : LHP Pete Samson
Batting: LHB Grady Arredondo 0-0: Fly out, F8 (Flyball, 78M, EV 90.0 MPH)
Batting: SHB Pete Williams 0-0: Ball
1-0: Ball
2-0: Called Strike
2-1: Ball
3-1: Base on Balls
Batting: RHB Ronald McDonald 0-0: Ball
Pete Williams is caught stealing 2nd base 2-4
1-0: Fly out, F4 (Line Drive, 4, EV 70.0 MPH)
Top of the 9th over - 0 runs, 0 hits, 0 errors, 0 left on base; Seattle 5 - Houston 0
BOTTOM OF THE 9TH
Houston Astros batting - Pitching for Seattle Mariners : RHP Woody Gwynn j
Pitching: LHP Joel Miller
Batting: LHB Cal Dascenzo 0-0: Called Strike
0-1: Ball
1-1: Ball
2-1: Fly out, F9 (Line Drive, 9S, EV 85.6 MPH)
Batting: RHB Mike Hall 0-0: Ground out 5-3 (Groundball, 5, EV 85.6 MPH)
Batting: RHB Arturo Becerra 0-0: Called Strike
0-1: Called Strike
0-2: Fly out, F7 (Flyball, 7, EV 88.8 MPH)
Bottom of the 9th over - 0 runs, 0 hits, 0 errors, 0 left on base; Seattle 5 - Houston 0
Thursday, April 11th , 2024 - OOTP Baseball 24.10 Build 82